 Dungeon Crawl Stone Soup version 0.27-b1-16-g6517624069 (webtiles) character file.

Game seed: 6322000293812541728

176 horus123 the Skirmisher (level 5, 0/42 HPs)
             Began as a Demonspawn Abyssal Knight on July 26, 2021.
             Was a Believer of Lugonu.
             Slain by a water moccasin (1 damage)
             ... on level 4 of the Dungeon.
             The game lasted 00:13:21 (3331 turns).

horus123 the Skirmisher (Demonspawn Abyssal Knight) Turns: 3331, Time: 00:13:23

Health: 0/42       AC:  7    Str: 14    XL:     5   Next: 30%
Magic:  7/7        EV:  9    Int: 15    God:    Lugonu [**....]
Gold:   269        SH:  0    Dex: 12    Spells: 4/4 levels left

rFire    . . .     SeeInvis .   a - +4 mace
rCold    . . .     Faith    .   (no shield)
rNeg     . . .     Spirit   .   n - +0 scale mail
rPois    .         Reflect  .   (no helmet)
rElec    .         Harm     .   (no cloak)
rCorr    .         Rampage  .   f - +0 pair of gloves
Will     .....                  (no boots)
Stlth    ..........             (no amulet)
HPRegen  0.14/turn              (no ring)
MPRegen  0.10/turn              (no ring)

@: no status effects
A: spiny 1, big brain 1, demonic magic 1
a: Renounce Religion, Depart the Abyss, Bend Space


You were on level 4 of the Dungeon.
You worshipped Lugonu.
Lugonu was pleased with you.
You visited 1 branch of the dungeon, and saw 4 of its levels.
You visited the Abyss 1 time.

You collected 269 gold pieces.

Inventory:

Hand Weapons
 a - a +4 mace (weapon)
Missiles
 d - 61 sling bullets
Armour
 f - a +0 pair of gloves (worn)
 n - a +0 scale mail (worn)
Scrolls
 g - 2 scrolls of amnesia
 j - 3 scrolls of teleportation {unknown}
 l - a scroll of torment {unknown}
 m - a scroll of enchant armour {unknown}
Potions
 b - a potion of curing {unknown}
 c - a potion of magic
 e - a potion of resistance {unknown}
 i - a potion of flight {unknown}
 k - a potion of degeneration {unknown}


   Skills:
 + Level 3.8 Fighting
 * Level 3.6 Maces & Flails
 + Level 2.7 Armour
 + Level 1.2 Dodging
 + Level 0.5 Stealth
 + Level 2.8 Invocations


You had 4 spell levels left.
You didn't know any spells.
Your spell library contained the following spells:

 Spells                   Type           Power      Damage    Failure   Level
 Ensorcelled Hibernation  Hex/Ice        0%         N/A       86%         2
 Spider Form              Tmut/Pois      0%         N/A       97%         3
 Shadow Creatures         Summ           N/A        N/A       100%        6


Dungeon Overview and Level Annotations

Branches:
Dungeon (4/15)             Temple (0/1) D:4

Altars:
Cheibriados
Dithmenos
Elyvilon
Xom
Yredelemnul

Shops:
D:4 *

Annotations:
D:4 1 runed translucent door, vvl's ghost, amateur DsFi


Innate Abilities, Weirdness & Mutations

You are partially covered in sharp spines.
You have an unusually large brain. (Int +2)
Spells you cast may paralyse adjacent enemies.


Message History

The goblin shouts!
Vvl's ghost says, "Are you willing to die fighting?
I was!"
You closely miss the ball python.
The ball python is struck by your spines.
You kill the ball python!
Lugonu accepts your kill. The goblin is struck by your spines.
You kill the goblin!
Lugonu accepts your kill.
You see here a ball python corpse.
You see here a ball python corpse.
Things that are here:
a +0 dagger; a goblin corpse An ogre comes into view.
It is wielding a +0 giant club.
The ogre shouts!
The ogre barely misses you.
You see here a scroll labelled XIGIACH PERPH.
You completely miss the ogre.
The ogre hits you with a +0 giant club!!
Ouch! That really hurt!
Non-targeted abil: Bend Space
Press: ? - help, Q - select action, (/) - cycle Dir - look around, f - activate
Okay, then.
Space bends around you!
You blink.
Found a bubbling purple potion.
You open the door.
A ball python and 2 water moccasins come into view.
The water moccasin hisses angrily.
The ball python hisses angrily.
The water moccasin hisses angrily.
The ball python moves out of view.
Found Xim Qaur's Serpentskin Sales.
The water moccasin bites you.
* * * LOW HITPOINT WARNING * * *
You hit the ogre.
The ogre is lightly wounded.
The ogre hits you with a +0 giant club!
* * * LOW HITPOINT WARNING * * *
The water moccasin is struck by your spines.
The water moccasin bites you.
You die...

..##... ...# #.#
.##..##...#..# #.#
##......#. ..# ..#
#...# ... #.# #.#
.O..# #.# #.# +###
.#...# #.# #.# ..#
####.###.###.#####
∩S# #.............O.#
S.#
.#.!.........###@##'#
...########### #SS..#
## ###### #


You could see 2 water moccasins and an ogre.

Vanquished Creatures
  3 adders
  5 dart slugs
  2 bats
  7 endoplasms
  A giant cockroach (D:1)
  4 goblins
  5 hobgoblins
  6 jackals
  4 quokkas
  6 ball pythons
  3 frilled lizards (D:1)
  7 kobolds
  3 rats
56 creatures vanquished.

Vanquished Creatures (collateral kills)
  A black bear (D:4)
  An orc priest (D:4)
  An orc (D:4)
  A kobold (D:4)
4 creatures vanquished.

Vanquished Creatures (others)
  A demonic plant (D:2)
  2 fungi (D:2)
  5 plants (D:2)
  3 withered plants (D:2)
11 creatures vanquished.

Grand Total: 71 creatures vanquished

Notes
Turn   | Place    | Note
-------+----------+-------------------------------------------
     0 | Abyss:1  | horus123 the Demonspawn Abyssal Knight began the quest for
                  | the Orb.
     0 | Abyss:1  | Reached XP level 1. HP: 18/18 MP: 2/2
    41 | D:1      | Escaped the Abyss
   203 | D:1      | Gained mutation: Spells you cast may paralyse adjacent
                  | enemies. [demonic ancestry]
   203 | D:1      | Reached XP level 2. HP: 24/24 MP: 4/4
   708 | D:1      | Gained mutation: You have an unusually large brain. (Int
                  | +2) [demonic ancestry]
   708 | D:1      | Reached XP level 3. HP: 29/29 MP: 5/5
   786 | D:1      | Reached ** piety under Lugonu
   867 | D:2      | Found a shadowy altar of Dithmenos.
  1008 | D:2      | Found a faded altar of an unknown god.
  1217 | D:2      | Reached skill level 1 in Dodging
  2679 | D:3      | Found a shimmering altar of Xom.
  2730 | D:4      | Noticed a black bear
  2731 | D:4      | Found a transporter.
  2741 | D:4      | Found a transporter.
  2756 | D:4      | Killed a black bear
  2756 | D:4      | HP: 1/29 [orc priest (4)]
  2757 | D:4      | Reached XP level 4. HP: 2/36 MP: 4/6
  2760 | D:4      | Gained mutation: You are partially covered in sharp spines.
                  | [demonic ancestry]
  2760 | D:4      | Reached XP level 5. HP: 3/41 MP: 4/7
  3102 | D:4      | Found a basalt altar of Yredelemnul.
  3129 | D:4      | Found a snail-covered altar of Cheibriados.
  3149 | D:4      | Found a staircase to the Ecumenical Temple.
  3281 | D:4      | Found a runed translucent door.
  3282 | D:4      | Noticed vvl's ghost (amateur DsFi)
  3310 | D:4      | Noticed an ogre
  3328 | D:4      | Found Xim Qaur's Serpentskin Sales.
  3328 | D:4      | Noticed a water moccasin
  3328 | D:4      | Noticed a water moccasin
  3331 | D:4      | HP: 1/42 [ogre (11)]
  3331 | D:4      | Slain by a water moccasin

Illustrated notes

Levels and vault maps discovered:
D:1:      minmay_arrival_arboretum_small, layout_rooms
D:2:      layout_loops_cross, shapermc_ecumenical_altar_gd, basic_altar,
          kennysheep_donut
D:3:      layout_basic, tgw_xom
D:4:      layout_loops_ring, gammafunk_temple_overflow_arena,
          mainiacjoe_overflow_large_starburst, minmay_temple_entry_glassed_door,
          hellmonk_ghost_happy_afterlife, guppyfry_shop_venom

Skill      XL: |  1  2  3 |
---------------+----------+-----
Maces & Flails | 2 3 |  3.6
Armour         | 2 |  2.7
Dodging        | 1 |  1.2
Fighting       | |  3.8
Stealth        | |  0.5
Invocations    | |  2.8

Action                   |  1- 3 |  4- 6 || total
-------------------------+-------+-------++-------
Melee: Mace              |   158 |    24 ||   182
Invok: Bend Space        |     2 |     1 ||     3
  Use: Scroll            |     7 |     1 ||     8
Armor: Leather armour    |    41 |       ||    41
       Scale mail        |    17 |     8 ||    25
Dodge: Dodged            |   106 |     8 ||   114
